 Dungeon Crawl Stone Soup version 0.29.1-2-gbd0b4ee654 (webtiles) character file.

Game seed: 8533742838672944361

86 funnyparkerb the Shooter (level 4, -3/26 HPs)
             Began as a Kobold Hunter on Nov 17, 2022.
             Slain by an orc
             ... wielding a +0 morningstar
              (7 damage)
             ... on level 3 of the Dungeon.
             The game lasted 00:02:14 (2555 turns).

funnyparkerb the Shooter (Kobold Hunter)            Turns: 2555, Time: 00:02:15

Health: -3/26      AC:  4    Str: 14    XL:     4   Next: 78%
Magic:  4/4        EV: 15    Int: 10    God:
Gold:   108        SH:  0    Dex: 20    Spells: 3/3 levels left

rFire   . . .      SeeInvis .   a - +0 shortbow
rCold   + . .      Faith    .   (shield currently unavailable)
rNeg    . . .      Spirit   .   c - +0 leather armour
rPois   .          Reflect  .   (no helmet)
rElec   .          Harm     .   (no cloak)
rCorr   .          Rampage  .   i - +0 pair of gloves
Will    .....                   (no boots)
Stlth   +++.......              (no amulet)
HPRegen 0.08/turn               f - ring of protection from cold
MPRegen 0.09/turn               n - +6 ring of strength

@: no status effects
A: small, no large weapons, nightstalker 3
a: no special abilities


You were on level 3 of the Dungeon.
You visited 1 branch of the dungeon, and saw 3 of its levels.

You collected 108 gold pieces.

Inventory:

Hand Weapons
 a - a +0 shortbow (weapon)
Armour
 c - a +0 leather armour (worn)
 i - a +0 pair of gloves (worn)
Jewellery
 f - a ring of protection from cold (left hand)
 n - a +6 ring of strength (right hand)
 s - a ring of resist corrosion
Scrolls
 b - 2 scrolls of immolation
 d - 3 scrolls of amnesia {unknown}
 e - a scroll of blinking {unknown}
 g - 2 scrolls of butterflies {unknown}
 k - a scroll of teleportation {unknown}
 l - a scroll of vulnerability {unknown}
 o - a scroll of torment {unknown}
 p - a scroll of summoning {unknown}
 r - a scroll of identify {unknown}
Potions
 h - a potion of haste {unknown}
 j - 2 potions of degeneration {unknown}
 m - a potion of invisibility {unknown}
 q - 2 potions of resistance {unknown}


   Skills:
 - Level 2.1 Fighting
 + Level 7.7 Ranged Weapons
 - Level 2.4 Dodging
 - Level 1.3 Stealth


You had 3 spell levels left.
You didn't know any spells.
Your spell library contained the following spells:

 Spells                   Type           Power      Damage    Failure   Level
 Scorch                   Fire           0%         2d5       58%         2
 Flame Wave               Conj/Fire      0%         2d4       99%         4
 Summon Cactus Giant      Summ           0%         N/A       100%        6


Dungeon Overview and Level Annotations

Branches:
Dungeon (3/15)

Altars:


Innate Abilities, Weirdness & Mutations

You are small and have problems with some larger weapons.
You are completely attuned to the shadows.


Message History

The orc wizard attacks as you move away!
The orc wizard closely misses you.
The orc wizard points at you and mumbles some strange words.
You resist with some effort.
The orc wizard mumbles some strange words.
The orc wizard flickers and vanishes!
Deactivating autopickup; reactivate with Ctrl-A.
You are confused.
You bump into the rock wall.
You're too confused to move!
You bump into the rock wall.
You bump into the rock wall.
You feel less confused. Something hits you. Something hits you.
You hear some strange, mumbled words.
You are confused.
You bump into the rock wall.
The orc wizard casts a spell at you. You resist with some effort.
You hear some strange, mumbled words.
You are more confused.
You're too confused to move!
The orc wizard points at you and mumbles some strange words.
You clumsily bash something but do no damage.
The orc misses you.
You clumsily bash the orc but do no damage.
The orc completely misses you.
You bump into the rock wall.
You feel less confused. The orc wizard closely misses you.
The orc closely misses you. The orc attacks as you move away!
The orc misses you.
The orc wizard gestures at you while chanting.
You resist with some effort. Something hits you.
You clumsily bash something but do no damage.
The orc hits you with a +0 morningstar.
* * * LOW HITPOINT WARNING * * *
The orc wizard hits you but does no damage.
The orc hits you with a +0 morningstar!
You die...

.....### #..# ........ #...
....#### #####.##
.......#### #.....##
...###....## ####.###...
<..# ####..# ##....# #...
.## ##.#### ###..#### #...
#....######...## #...
####..>@o...### #...
#####..).{.o.### #...
#............###########...
#.###........##.......#####
#.# ###########.#####.# #
#.# #.# #.# ### #.#######
#.# #.###..
#.#.....#######.# ###......
#.............#.###.#####..


You could see an orc wizard and an orc.

Vanquished Creatures
  3 adders
  An orc (D:2)
  A bat (D:2)
  2 endoplasms
  5 giant cockroaches
  8 goblins
  8 hobgoblins
  3 jackals (D:2)
  5 kobolds
  2 quokkas
  2 ball pythons (D:1)
  3 frilled lizards
  11 rats
54 creatures vanquished.

Notes
Turn   | Place    | Note
-------+----------+-------------------------------------------
     0 | D:1      | funnyparkerb the Kobold Hunter began the quest for the Orb.
     0 | D:1      | Reached XP level 1. HP: 12/12 MP: 1/1
    79 | D:1      | Reached XP level 2. HP: 17/17 MP: 2/2
   134 | D:1      | Reached skill level 6 in Ranged Weapons
   437 | D:1      | Reached XP level 3. HP: 21/21 MP: 3/3
   756 | D:1      | Noticed an eye of devastation
   787 | D:1      | Noticed a shining eye
   789 | D:1      | Noticed a floating eye
   798 | D:1      | Found a faded altar of an unknown god.
   807 | D:1      | Noticed a great orb of eyes
  1312 | D:2      | Reached skill level 7 in Ranged Weapons
  1541 | D:2      | Reached XP level 4. HP: 21/26 MP: 4/4
  2555 | D:3      | Slain by an orc

Illustrated notes

Levels and vault maps discovered:
D:1:      lightli_molten_gateway, layout_basic,
          hellmonk_ecumenical_altar_watching_god,
          corexii_item_surrounded_by_moat
D:2:      layout_basic, minmay_liquid_box
D:3:      layout_basic, kennysheep_generic_room_3

Skill      XL: |  1  2  3 |
---------------+----------+-----
Ranged Weapons | 6 7 |  7.7
Fighting       | |  2.1
Dodging        | |  2.4
Stealth        | |  1.3

Action                   |  1- 3 |  4- 6 || total
-------------------------+-------+-------++-------
Melee: Shortbow          |       |     3 ||     3
 Fire: Shortbow          |    77 |    65 ||   142
Armor: Leather armour    |     7 |     5 ||    12
Dodge: Dodged            |    33 |    35 ||    68
